 Dungeon Crawl Stone Soup version 5.4-155-g4a05093 (webtiles) character file.

3619 qzeqze the Basher (level 11, -1/119 HPs)
             Began as a Titan Fighter on Apr 7, 2018.
             Slain by a cyan ugly thing (8 damage)
             ... on level 11 of the Dungeon.
             The game lasted 01:42:10 (10060 turns).

qzeqze the Basher (Titan Fighter)                  Turns: 10060, Time: 01:42:18

Health: -1/119     AC:  5 (0%)Str: 23   XL:     11   Next: 31%
Magic:  3/3        EV: 16    Int: 12    God:
Gold:   751        SH:  0    Dex: 23    Spells: 15/15 levels left

rFire    . . .     SeeInvis .   c - +5 quarterstaff of Ru's Esteem {antimagic, MP-9 Dex+6}
rCold    . . .     Faith    .   (shield currently unavailable)
rNeg     + . .     Spirit   .   d - +2 robe {MR+}
rPois    .         Reflect  .   (helmet restricted)
rElec    +                      k - +0 cloak
rCorr    .                      (gloves unavailable)
MR       ++...                  (boots unavailable)
Stlth    ++........             (no amulet)
Regen    0.3/turn               x - ring of positive energy
MPRegen  0.2/turn               (no ring)

@: exhausted, very slightly contaminated, slowed, very slow
A: unfitting armour, high mp 1, electricity resistance
a: no special abilities


You were on level 11 of the Dungeon.
You were not hungry.

You visited 1 branch of the dungeon, and saw 11 of its levels.

You collected 751 gold pieces.

Inventory:

Hand Weapons
 a - a +2 whip of freezing
 b - a +0 flail
 c - the +5 quarterstaff of Ru's Esteem (weapon) {antimagic, MP-9 Dex+6}
   (You found it on level 9 of the Dungeon)

   It reduces the magical energy of the wielder, and disrupts the spells and
   magical abilities of those hit.
   Natural abilities and divine invocations are not affected.
   It affects your dexterity (+6).
   It affects your magic capacity (-9).
 n - the +4 spear of Usteir {freeze, Int+4}
   (You took it off a vampire on level 9 of the Dungeon)

   It has been specially enchanted to freeze those struck by it, causing extra
   injury to most foes and up to half again as much damage against particularly
   susceptible opponents.
   It can also slow down cold-blooded creatures.
   It affects your intelligence (+4).
 F - a +0 dagger of pain
Missiles
 g - 52 poisoned darts
 r - 9 curare darts (quivered)
 u - 10 large rocks
 y - 259 javelins
 J - 45 tomahawks
Armour
 d - a +2 robe of magic resistance (worn)
 k - a +0 cloak (worn)
 p - a +2 robe of cold resistance
 H - a +2 robe of fire resistance
 I - a +0 shield
 L - +0 steam dragon scales
Jewellery
 s - an uncursed amulet of destruction
 x - a ring of positive energy (left hand)
 E - an uncursed ring of protection from magic
Wands
 w - a wand of iceblast (12)
 D - a wand of lightning (4)
 G - a wand of confusion (8)
 M - a wand of polymorph (6)
Scrolls
 j - 4 scrolls of amnesia
 l - 3 scrolls of magic mapping
 q - 2 scrolls of teleportation
 t - 4 scrolls of enchant armour
Potions
 e - 2 potions of mutation
 f - a potion of cancellation
 h - 4 potions of flight
 v - 5 potions of ambrosia
 z - a potion of lignification
 A - a potion of haste
 B - 2 potions of magic
Miscellaneous
 K - a sack of spiders


   Skills:
 + Level 10.7 Fighting
 + Level 14.9 Maces & Staves
 + Level 7.0 Throwing
 + Level 7.6 Dodging
 - Level 2.6 Shields


You had 15 spell levels left.
You didn't know any spells.

Dungeon Overview and Level Annotations

Branches:
Dungeon (11/15)

Annotations:
D:11 exclusion: orc sorcerer


Innate Abilities, Weirdness & Mutations

You are too large for most types of armour.
You have an increased reservoir of magic. (+10% MP)
You are resistant to electric shocks. (rElec)


Message History

* * * LOW HITPOINT WARNING * * *
Throwing (i - inventory. (,) - cycle):
r - 10 curare darts (quivered)
Press: ? - help, Shift-Dir - straight line, f - orc wizard, p - orc wizard
Aim: an orc wizard, wielding a +0 dagger (severely wounded, fast)
You throw a curare dart.
The curare dart hits the cyan ugly thing (0).
The cyan ugly thing is poisoned.
The cyan ugly thing convulses.
The cyan ugly thing seems to slow down.
The cyan ugly thing is lightly wounded.
The cyan ugly thing punches you (5).
* * * LOW HITPOINT WARNING * * *
The cyan ugly thing shocks you (4). You resist.
* * * LOW HITPOINT WARNING * * *
You feel as though you will be slow longer.
You feel invigorated.
You kill the orc wizard!
The orc wizard barely misses you.
The orc wizard hits you but does no damage.
The cyan ugly thing punches you (8)!
You die...

.....###......
.......
.....###......
.......
.....###).....
#......
........).....
#.....
#....!).).....
#....
##.....)......
#...
#............
#ou##
#........###.
#o@###........##
#
##.)..........#
##..>........#
##$..........
##..?.....
##.......
#...... #.$...
#....


You could see a cyan ugly thing and 2 orc wizards.

Vanquished Creatures
  A hydra (D:11)
  Erica (D:9)
  A centaur warrior (D:9)
  2 two-headed ogres
  Pikel (D:4)
  A wolf spider zombie (D:11)
  An ugly thing (D:9)
  A rime drake (D:11)
  A spiny frog (D:10)
  A meliai (D:9)
  Sigmund (D:3)
  A vampire (D:9)
  A steam dragon (D:10)
  2 water moccasins
  An acid dragon (D:11)
  6 ice beasts
  3 orc warriors
  4 slaves (D:4)
  2 black bears
  A blink frog zombie (D:9)
  A phantom (D:5)
  3 ogres
  12 centaurs
  A bullfrog (D:6)
  2 wyvern zombies
  2 scorpions (D:5)
  A water moccasin skeleton (D:9)
  2 crimson imps
  2 howler monkeys (D:5)
  A bullfrog zombie (D:5)
  A wasp zombie (D:8)
  A quasit (D:8)
  A centaur zombie (D:5)
  3 jellies
  3 centaur skeletons
  2 gnoll shamans
  4 hounds
  2 orc priests (D:9)
  A bullfrog skeleton (D:4)
  Jessica (D:3)
  9 orc wizards
  2 worker ants (D:3)
  An iguana (D:8)
  2 killer bee zombies (D:7)
  Samantha (D:4)
  11 gnolls
  3 adders
  A shadow imp (D:5)
  An adder skeleton (D:4)
  3 dart slugs
  26 orcs
  2 quokkas
  3 giant cockroaches
  18 goblins
  7 hobgoblins
  5 jackals
  A ball python (D:1)
  13 bats
  4 frilled lizards
  5 kobolds
  9 rats
206 creatures vanquished.

Vanquished Creatures (others)
  21 toadstools (D:1)
21 creatures vanquished.

Grand Total: 227 creatures vanquished

Notes
Turn   | Place    | Note
-------+----------+-------------------------------------------
     0 | D:1      | qzeqze the Titan Fighter began the quest for the Orb.
     0 | D:1      | Reached XP level 1. HP: 24/24 MP: 4/4
    44 | D:1      | Reached skill level 3 in Maces & Staves
   342 | D:1      | Reached XP level 2. HP: 32/32 MP: 6/6
   429 | D:1      | Reached skill level 4 in Maces & Staves
   821 | D:1      | Reached XP level 3. HP: 39/39 MP: 7/7
  1133 | D:2      | Found a faded altar of an unknown god.
  1170 | D:2      | Found a basalt altar of Yredelemnul.
  1245 | D:2      | Found an iron altar of Okawaru.
  1327 | D:2      | Reached skill level 5 in Maces & Staves
  1343 | D:2      | Found a white marble altar of Elyvilon.
  1343 | D:2      | Found an opulent altar of Gozag.
  1589 | D:3      | Reached XP level 4. HP: 28/48 MP: 9/9
  1595 | D:3      | Noticed Jessica
  1598 | D:3      | Killed Jessica
  1598 | D:3      | Reached skill level 6 in Maces & Staves
  1829 | D:3      | Found a burning altar of Makhleb.
  1854 | D:3      | Reached skill level 7 in Maces & Staves
  1854 | D:3      | Reached XP level 5. HP: 54/54 MP: 11/11
  2044 | D:3      | Noticed Sigmund
  2059 | D:3      | Killed Sigmund
  2059 | D:3      | Reached skill level 8 in Maces & Staves
  2059 | D:3      | Reached XP level 6. HP: 46/62 MP: 12/12
  2078 | D:3      | Reached skill level 9 in Maces & Staves
  2228 | D:3      | Found a shimmering altar of Xom.
  2599 | D:3      | Found a glowing silver altar of Zin.
  2768 | D:4      | Noticed a slave
  2771 | D:4      | Noticed Pikel
  2795 | D:4      | Killed a slave
  2860 | D:4      | Killed Pikel
  2860 | D:4      | Reached skill level 11 in Maces & Staves
  2860 | D:4      | Reached XP level 7. HP: 58/70 MP: 14/14
  2962 | D:4      | Found an ornate altar of the Wu Jian Council.
  2963 | D:4      | Found a bloodstained altar of Trog.
  3121 | D:4      | Found a snail-covered altar of Cheibriados.
  3121 | D:4      | Noticed Samantha
  3201 | D:4      | Killed Samantha
  3240 | D:4      | Found a deep blue altar of Sif Muna.
  3372 | D:4      | Reached skill level 12 in Maces & Staves
  3381 | D:4      | Reached XP level 8. HP: 75/78 MP: 15/15
  3439 | D:4      | Found a sparkling altar of Nemelex Xobeh.
  3609 | D:5      | Entered Level 5 of the Dungeon
  3879 | D:5      | Found a viscous altar of Jiyva.
  3991 | D:5      | Reached skill level 5 in Fighting
  4065 | D:5      | Found a glowing golden altar of the Shining One.
  4071 | D:5      | Reached skill level 1 in Throwing
  4205 | D:5      | Found a shadowy altar of Dithmenos.
  4754 | D:6      | Found a radiant altar of Vehumet.
  5245 | D:6      | Reached XP level 9. HP: 89/89 MP: 17/17
  5599 | D:6      | Found a sacrificial altar of Ru.
  5805 | D:7      | Found a hide-covered altar of Uskayaw.
  5848 | D:7      | Reached skill level 13 in Maces & Staves
  6188 | D:7      | Found a stormy altar of Qazlal.
  6286 | D:7      | Found an ancient bone altar of Kikubaaqudgha.
  6642 | D:8      | Reached skill level 5 in Dodging
  7331 | D:8      | Noticed a two-headed ogre
  7348 | D:8      | Killed a two-headed ogre
  7860 | D:9      | Reached XP level 10. HP: 104/104 MP: 18/18
  7944 | D:9      | Noticed Erica
  7957 | D:9      | Killed Erica
  7957 | D:9      | Reached skill level 5 in Throwing
  8266 | D:9      | Noticed a centaur warrior
  8271 | D:9      | Reached skill level 14 in Maces & Staves
  8280 | D:9      | Killed a centaur warrior
  8465 | D:9      | Got the +5 quarterstaff of Ru's Esteem {antimagic, MP-9 Dex+6}
  8521 | D:9      | Noticed a brown ugly thing
  8848 | D:9      | Killed a green ugly thing
  8861 | D:9      | Got the +4 spear of Usteir {freeze, Int+4}
  9002 | D:10     | Entered Level 10 of the Dungeon
  9134 | D:10     | Noticed a spiny frog
  9154 | D:10     | Killed a spiny frog
  9154 | D:10     | Reached skill level 10 in Fighting
  9973 | D:11     | Noticed a two-headed ogre
  9975 | D:11     | Noticed a spiny frog
  9976 | D:11     | Noticed a nine-headed hydra
  9980 | D:11     | Killed a two-headed ogre
  9980 | D:11     | Reached XP level 11. HP: 88/118 MP: 3/20
  9995 | D:11     | Noticed an orc sorcerer
 10046 | D:11     | Killed a nine-headed hydra
 10048 | D:11     | Noticed a cyan ugly thing
 10054 | D:11     | HP: 4/119 [orc warrior/+0 halberd (16)]
 10059 | D:11     | HP: 5/119 [cyan ugly thing (5)]
 10059 | D:11     | HP: 1/119 [cyan ugly thing (4)]
 10060 | D:11     | Slain by a cyan ugly thing

Skill      XL: |  1  2  3  4  5  6  7  8  9 10 11 |
---------------+----------------------------------+-----
Maces & Staves | 3 4 5 7 8 11 12 13 14 | 14.9
Dodging        | 4 5 7 |  7.6
Fighting       | 6 8 10 | 10.7
Throwing       | 2 4 6 7 |  7.0
Shields        | |  2.6

Action                   |  1- 3 |  4- 6 |  7- 9 | 10-12 || total
-------------------------+-------+-------+-------+-------++-------
Melee: Flail             |   125 |   119 |   105 |     5 ||   354
       Whip              |       |       |   365 |    51 ||   416
       Quarterstaff      |       |       |       |    85 ||    85
Throw: Poisoned dart     |       |    18 |    19 |     6 ||    43
       Large rock        |       |       |     4 |    11 ||    15
       Javelin           |       |       |     2 |     5 ||     7
       Curare dart       |       |       |     1 |     5 ||     6
       Tomahawk          |       |       |       |     7 ||     7
  Use: Potion            |       |     2 |       |     7 ||     9
       Scroll            |       |       |       |     3 ||     3
 Stab: Sleeping          |     1 |       |     4 |     3 ||     8
       Distracted        |       |       |     2 |       ||     2
       Invisible         |       |       |       |     1 ||     1
Armor: Robe              |    26 |    16 |    44 |    16 ||   102
Dodge: Dodged            |    37 |    27 |    79 |    75 ||   218
Block: Shield            |    60 |    36 |   103 |    11 ||   210
